[Event "Late-Titled-Tuesday-Blitz-October-10-2023"]
[Site "Chess.com"]
[Date "2023.10.10"]
[Round "6"]
[White "koncheto"]
[Black "Freefresh"]
[Result "1-0"]
[WhiteElo "2509"]
[BlackElo "2724"]
[TimeControl "180+1"]
[EndTime "15:02:43 PDT"]
[Termination "koncheto won on time"]

1. e4 c5 2. Nf3 h5 3. d4 cxd4 4.
Nxd4 Nc6 5. c4 Nf6 6. Nc3 e6 7. Nxc6 bxc6 8. e5 Ng4 9. Qd4 Qb6 10. Qxb6 axb6 11. Bf4 Bc5 12. Ne4 Bd4 13. h3 Nxe5 14. O-O-O Ng6 15. Rxd4 c5 16. Nd6+ Kf8 17. Nxc8 cxd4 18.
Bd6+ Kg8 19. Nxb6 Rxa2 20. Bd3 Ra1+ 21. Bb1 f5 22. Rd1 Kh7 23. b4 e5 24. Kb2 Ra6 25. c5 e4 26. g4 hxg4 27. hxg4 d3 28. gxf5 Nh4 29. Rh1 Kg8 30. Ba2+ Rxa2+ 31. Kxa2 Nxf5 32.
Rxh8+ Kxh8 33. Bf4 Nd4 34. Kb2 Ne2 35. Be3 Ng1 36. b5 Nf3 37. c6 dxc6 38. bxc6 d2 39.
Bxd2 Nxd2 40. c7 Nc4+ 41. Nxc4 1-0

[Event "Late-Titled-Tuesday-Blitz-October-10-2023"]
[Site "Chess.com"]
[Date "2023.10.10"]
[Round "6"]
[White "StarkyNZ"]
[Black "FMJoseHerrera"]
[Result "0-1"]
[WhiteElo "2357"]
[BlackElo "2763"]
[TimeControl "180+1"]
[EndTime "15:02:46 PDT"]
[Termination "FMJoseHerrera won on time"]

1. Nf3 Nf6 2. c4 g6 3. d4 Bg7 4. Nc3 c5 5. d5 O-O 6. e4 b5 7. cxb5 a6 8. e5 Ne8 9. h4 d6 10. h5 dxe5 11. hxg6 fxg6 12. d6 Qxd6 13. Qd5+ Qxd5 14.
Nxd5 Ra7 15. b6 Rd7 16. Bc4 e6 17. Nc3 Rb7 18. Ne4 Rxb6 19. Be3 Nd7 20. Nfg5 Nc7 21.
Nxh7 Rf5 22. g4 Rf3 23. O-O-O Rb4 24. b3 Nd5 25. Nhg5 Rxe3 26. fxe3 N7b6 27. Nd6 Bd7 28. e4 Nc3 29. Rd2 Nxa2+ 30. Rxa2 Nxc4 31. bxc4 Bf6 32. Nf3 Be7 33. Nxe5 Ba4 34. Rh6 Bg5+ 35. Rd2 Bxh6 0-1

[Event "Late-Titled-Tuesday-Blitz-October-10-2023"]
[Site "Chess.com"]
[Date "2023.10.10"]
[Round "6"]
[White "Witty_Alien"]
[Black "AlivodicDario"]
[Result "1-0"]
[WhiteElo "2250"]
[BlackElo "2443"]
[TimeControl "180+1"]
[EndTime "15:02:46 PDT"]
[Termination "Witty_Alien won by resignation"]

1. e4 c5 2. Nf3 e6 3. d4 cxd4 4. c3 Nf6 5. Bd3 Nc6 6. cxd4 d5 7.
e5 Ne4 8. O-O Be7 9. Nc3 Nxc3 10.
bxc3 O-O 11. Rb1 f5 12. exf6 Bxf6 13. Re1 Re8 14. Bf4 Qa5 15. Re3 Qxa2 16. Bg5 Bxg5 17.
Nxg5 h6 18. Bh7+ Kh8 19. Qh5 Rf8 20. Rf3 Bd7 21. Rxb7 Rab8 22. h4 Rxf3 23. Rxb8+ Nxb8 24. gxf3 Qa1+ 25. Kg2 hxg5 26. hxg5 Qxc3 27. Bg6+ Kg8 28. Qh7+ Kf8 29. Qh8+ Ke7 30. Qxg7+ Kd6 31. Qe5+ Kc6 32. Qxb8 Qxd4 33. Bh5 Qe5 34. Qxe5 Kc5 35. Qg3 Bc6 36. f4 Be8 37. Bf3 Bh5 38. Bxh5 Kd4 39. Bf3 Kc4 40.
g6 d4 41. g7 d3 42. Be4 d2 43. Qd3+ 1-0

[Event "Late-Titled-Tuesday-Blitz-October-10-2023"]
[Site "Chess.com"]
[Date "2023.10.10"]
[Round "6"]
[White "midedu"]
[Black "JonasGallasch"]
[Result "1-0"]
[WhiteElo "2095"]
[BlackElo "2391"]
[TimeControl "180+1"]
[EndTime "15:02:48 PDT"]
[Termination "midedu won by resignation"]

1. e4 c6 2. d4 d5 3. Nc3 dxe4 4. Nxe4 Bf5 5. Ng3 Bg6 6. Nf3 e6 7. Ne5 Nd7 8. Nxg6 hxg6 9. Bd3 Bd6 10. Nf1 Ne7 11. c3 Nf6 12. Qe2 Nf5 13. g3 Qc7 14. f4 O-O-O 15. b4 Nd5 16. Bd2 g5 17. fxg5 Nxg3 18.
Nxg3 Bxg3+ 19. Kd1 Rxh2 20. Rxh2 Bxh2 21. g6 Bf4 22. gxf7 Qxf7 23. Kc2 e5 24. dxe5 Bxd2 25. Qxd2 Nf4 26. e6 Nxe6 27. Qe3 Nf4 28. Bf1 Kb8 29. Kb2 Qc7 30. a4 Nd5 31. Qf2 Qe5 32. Qc5 Qf4 33. Rd1 Re8 34. a5 a6 35. Bxa6 bxa6 36. Qxc6 Qf2+ 37.
Kb3 Rd8 38. Qxa6 Qe2 39. Qxe2 Nb6 1-0

[Event "Late-Titled-Tuesday-Blitz-October-10-2023"]
[Site "Chess.com"]
[Date "2023.10.10"]
[Round "6"]
[White "CraiggoryC"]
[Black "a-z30"]
[Result "1-0"]
[WhiteElo "2277"]
[BlackElo "2460"]
[TimeControl "180+1"]
[EndTime "15:02:52 PDT"]
[Termination "CraiggoryC won by resignation"]

1. e4 d6 2. d4 Nf6 3. Nc3 g6 4.
Be3 Bg7 5. Qd2 O-O 6. Bh6 e5 7. Bxg7 Kxg7 8. Nf3 Nc6 9. O-O-O Bg4 10. dxe5 Nxe5 11. Be2 Qe7 12. h3 Nxf3 13. gxf3 Bh5 14.
Rde1 c6 15. f4 Bxe2 16. Rxe2 Nh5 17. e5 Rad8 18. Qe3 a5 19. Qf3 Qh4 20. f5 Qf4+ 21. Qxf4 Nxf4 22. Re4 dxe5 23. Rxe5 Rfe8 24. Rxa5 Ne2+ 25. Kb1 Nxc3+ 26. bxc3 Rd2 27. fxg6 hxg6 28. Ra7 Ree2 29. Rc1 Re7 30. c4 Rxf2 31. Ka1 Rh2 32. Rb1 Rxh3 33. Rbxb7 Re1+ 34. Kb2 Re4 35. Rxf7+ Kh6 36.
Rh7+ Kg5 37. Rxh3 Rxc4 38. Rc3 Rb4+ 39. Kc1 Rf4 40. Rxc6 Rf1+ 41. Kb2 Rf5 42. Rc3 Kh5 43. Rb3 Kg5 44. Rab7 Rf4 45. R7b5+ Kg4 46. R5b4 g5 47.
Rxf4+ gxf4 48. a4 f3 49. Rxf3 1-0

[Event "Late-Titled-Tuesday-Blitz-October-10-2023"]
[Site "Chess.com"]
[Date "2023.10.10"]
[Round "6"]
[White "FairChess_on_YouTube"]
[Black "iturrizaga"]
[Result "0-1"]
[WhiteElo "3091"]
[BlackElo "3017"]
[TimeControl "180+1"]
[EndTime "15:02:57 PDT"]
[Termination "iturrizaga won by resignation"]

1. Nf3 c5 2. c4 Nc6 3. Nc3 Nf6 4. g3 e5 5. Bg2 g6 6. O-O Bg7 7. d3 O-O 8. Bg5 d6 9. Nd2 h6 10. Bxf6 Bxf6 11. Nde4 Bg7 12. Nb5 a6 13. Nbc3 Be6 14. a3 Rb8 15. Rb1 f5 16. Nd2 Kh7 17. Bd5 Bd7 18. e3 b5 19. Bg2 Ne7 20. Qc2 Be6 21. b3 Qd7 22. a4 b4 23. Nd5 a5 24. Nxe7 Qxe7 25. Rbe1 f4 26. exf4 exf4 27. Bd5 Be5 28. Nf3 Bh3 29. d4 cxd4 30. Nh4 Qf6 31. Bg2 Bxg2 32.
Kxg2 f3+ 33. Kh1 Kg7 34. c5 Rbc8 35. Qe4 Rxc5 36. Rg1 g5 37. Rd1 gxh4 38. gxh4+ Kh8 39. Qg4 Rc7 40. Qh5 Rg7 41. Rxg7 Kxg7 42. Rc1 Rf7 43. Rc8 Kh7 44. Re8 Qg6 0-1

[Event "Late-Titled-Tuesday-Blitz-October-10-2023"]
[Site "Chess.com"]
[Date "2023.10.10"]
[Round "6"]
[White "Jarming"]
[Black "dretch"]
[Result "0-1"]
[WhiteElo "2754"]
[BlackElo "2849"]
[TimeControl "180+1"]
[EndTime "15:02:57 PDT"]
[Termination "dretch won on time"]

1. c4 c6 2. Nf3 d5 3. e3 Bg4 4. b3 e5 5. Bb2 e4 6. h3 Bc8 7.
Nd4 Nf6 8. Be2 c5 9. Nc2 Bd6 10. cxd5 O-O 11. Nc3 Be5 12. Rb1 Re8 13. d4 cxd4 14.
Nxd4 Nxd5 15. Nxd5 Qxd5 16. O-O Bd7 17. Nb5 Qe6 18.
Bxe5 Qxe5 19. Nd6 Re7 20. Rc1 Nc6 21. Nxb7 Qg5 22. Rc5 Ne5 23. Kh2 Bc6 24. f4 exf3 25.
Bxf3 Nxf3+ 26. Rxf3 Bxf3 27. Qxf3 Qg6 28. Nd6 Rf8 29. Nf5 Re6 30. Rc4 Qf6 31. Rg4 g6 32. e4 Qe5+ 33. Kh1 Kh8 34. Ne3 Re7 35. Nc4 Qa1+ 36. Kh2 Qd4 37. e5 Qd8 38. Rh4 Re6 39.
Rf4 f6 40. a4 Qe7 41. Kh1 Kg7 42. exf6+ Rfxf6 43. Qc3 Qc7 44. Qd4 Qxf4 0-1

[Event "Late-Titled-Tuesday-Blitz-October-10-2023"]
[Site "Chess.com"]
[Date "2023.10.10"]
[Round "6"]
[White "DIMONBANAN"]
[Black "Nekoo04"]
[Result "1-0"]
[WhiteElo "2503"]
[BlackElo "2262"]
[TimeControl "180+1"]
[EndTime "15:02:58 PDT"]
[Termination "DIMONBANAN won on time"]

1. e4 c5 2. Nf3 d6 3. d4 cxd4 4. Nxd4 Nf6 5. Nc3 g6 6. Be3 Bg7 7. f3 Nc6 8. Qd2 O-O 9. O-O-O d5 10. Qe1 e5 11. Nxc6 bxc6 12. exd5 Nxd5 13. Bc4 Be6 14.
h4 h6 15. Bc5 Re8 16. g4 Qa5 17. Ne4 Qxe1 18. Rhxe1 Nf4 19. Bb3 a5 20. g5 a4 21.
Bxe6 Nxe6 22. Bd6 hxg5 23. hxg5 Rad8 24. Nf6+ Bxf6 25. gxf6 Nf4 26. Be7 Rxd1+ 27. Rxd1 Nd5 28. Bc5 Nxf6 29. b3 axb3 30. axb3 e4 31. Rd6 Nd5 32. fxe4 Rxe4 33. Rxc6 f5 34. Rxg6+ Kf7 35. Rg1 f4 36. c4 Nf6 37. Kd2 Ke6 38. Kd3 Kf5 39. Bd4 Ng4 40. Rxg4 Kxg4 41. Kxe4 f3 42. b4 1-0

[Event "Late-Titled-Tuesday-Blitz-October-10-2023"]
[Site "Chess.com"]
[Date "2023.10.10"]
[Round "6"]
[White "Byniolus"]
[Black "vladislavkovalev"]
[Result "1/2-1/2"]
[WhiteElo "2715"]
[BlackElo "2866"]
[TimeControl "180+1"]
[EndTime "15:02:59 PDT"]
[Termination "Game drawn by repetition"]

1. d4 Nf6 2. Nf3 e6 3. Bf4 d5 4. e3 c5 5. c3 Nc6 6. Nbd2 cxd4 7. cxd4 Be7 8. Bd3 O-O 9. O-O Bd6 10. Bg3 Bxg3 11. hxg3 Qd6 12. Rc1 Bd7 13. a3 Rfc8 14.
Qe2 Rc7 15. Rc3 Rac8 16. Rfc1 Ne7 17. Nb1 Rxc3 18. Rxc3 Rxc3 19. Nxc3 Qc7 20. Qc2 g6 21. Ne4 Qxc2 22. Nxf6+ Kg7 23. Nh5+ Kh6 24. Bxc2 Kxh5 25.
g4+ Kh6 26. g5+ Kg7 27. Ne5 Be8 28. Ng4 Ng8 29. f4 h6 30. Kf2 hxg5 31. fxg5 f6 32.
gxf6+ Nxf6 33. Ne5 g5 34. b4 Nd7 35. Nxd7 Bxd7 36.
e4 dxe4 37. Bxe4 b6 38. Ke3 Kf6 39. g3 Ke7 40. Bd3 Bc6 41. Bc4 Kd6 42. Bb3 Bd5 43. Ba4 Ke7 44. Bc2 Kf6 45. Bd3 Ke7 46. Bc2 Kd6 47. Bd3 Kc6 48. Be2 a5 49. bxa5 bxa5 50.
Bd3 Kd6 51. Be2 Bc6 52. Bc4 Bd5 53. Be2 Ke7 54. Bd3 Kf6 55. Bc2 Bc6 56. Bd3 Be8 57.
Bc2 Bh5 58. Bd3 Bg4 59. Be4 Bf5 60. Bf3 Bc2 61. Bg4 Bb3 62. Bh3 Bd5 63. Bg4 Bg2 64. Kf2 Be4 65. Ke3 Bc6 66. Bh3 Bb7 67. Bg4 Bd5 68. Bh3 Ke7 69. Bg4 Kd6 70. Be2 1/2-1/2

[Event "Late-Titled-Tuesday-Blitz-October-10-2023"]
[Site "Chess.com"]
[Date "2023.10.10"]
[Round "6"]
[White "mac0504"]
[Black "Arystanner"]
[Result "0-1"]
[WhiteElo "2572"]
[BlackElo "2820"]
[TimeControl "180+1"]
[EndTime "15:03:00 PDT"]
[Termination "Arystanner won on time"]

1. d4 Nf6 2. Nf3 e6 3. Bf4 c5 4.
e3 d5 5. Nbd2 Nc6 6. c3 Nh5 7. Bg5 Qb6 8. Qb3 h6 9. Bh4 g5 10. Bg3 Nxg3 11. hxg3 Bg7 12. Bb5 Bd7 13. g4 O-O-O 14. Be2 Kb8 15. Qxb6 axb6 16. a3 e5 17. dxe5 Bxg4 18. Nxg5 Bxe2 19. Nxf7 Bd3 20. Nxh8 Rxh8 21. f4 d4 22. cxd4 cxd4 23. exd4 Nxd4 24. Kf2 Bf5 25. Rad1 Rc8 26. Rc1 Rd8 27. Nc4 Bf8 28. b4 Ne6 29. g3 b5 30. Nd6 Bxd6 31. exd6 Rxd6 32. Rhd1 Ra6 33. Rd5 Bg4 34. Rc3 Rc6 35. Rxc6 bxc6 36. Re5 Kc7 37. f5 Ng5 38. Ke3 Kd6 39. Kf4 Bd1 40. Re8 Nh3+ 41. Ke4 Bc2+ 42. Kd4 Bxf5 43. Rh8 Ng5 44. Rxh6+ Ne6+ 45. Ke3 Ke5 46. Rh8 Nc7 47. Rg8 Nd5+ 48. Kf3 Be4+ 49. Kf2 Nb6 50. g4 Nc4 51. Ra8 Kf4 52. Ra6 Nb2 0-1

[Event "Late-Titled-Tuesday-Blitz-October-10-2023"]
[Site "Chess.com"]
[Date "2023.10.10"]
[Round "6"]
[White "Sulthankan"]
[Black "Maestro1986"]
[Result "1-0"]
[WhiteElo "2362"]
[BlackElo "2520"]
[TimeControl "180+1"]
[EndTime "15:03:01 PDT"]
[Termination "Sulthankan won by resignation"]

1. d4 Nf6 2. c4 g6 3. Nc3 Bg7 4. g3 d6 5. Bg2 O-O 6. Nf3 Nc6 7. O-O a6 8. h3 Rb8 9. e4 b5 10. cxb5 axb5 11. Re1 b4 12. Nb1 e5 13. d5 Na5 14.
b3 Ba6 15. Bg5 h6 16. Bxf6 Bxf6 17. Nbd2 Bg7 18. Bf1 Bxf1 19. Kxf1 f5 20. Kg2 c5 21. Qe2 Rb7 22. Nh4 Kh7 23. Qd3 f4 24. Nhf3 fxg3 25.
fxg3 Rbf7 26. h4 Qd7 27. Rf1 Qg4 28. Qe2 Bf6 29. Ng5+ Bxg5 30. Qxg4 Bxd2 31. Qe6 Kg7 32. Rxf7+ Rxf7 33. Rf1 Rxf1 34. Kxf1 c4 35. Qd7+ Kg8 36.
Qd8+ Kf7 37. Qxa5 c3 38. Qc7+ Ke8 39. g4 Kf8 40. Ke2 Kg8 41. Kd3 g5 42. h5 Be1 43.
Kc2 Bf2 44. Qxd6 Bd4 45. Qxh6 Kf7 46. Qxg5 Ke8 47. h6 Kd7 48. Qg6 1-0

[Event "Late-Titled-Tuesday-Blitz-October-10-2023"]
[Site "Chess.com"]
[Date "2023.10.10"]
[Round "6"]
[White "victormago"]
[Black "Sofiia_Hryzlova"]
[Result "0-1"]
[WhiteElo "2501"]
[BlackElo "2339"]
[TimeControl "180+1"]
[EndTime "15:03:01 PDT"]
[Termination "Sofiia_Hryzlova won on time"]

1. d4 f5 2. Nf3 Nf6 3. Bg5 e6 4. Nbd2 Be7 5. Bxf6 Bxf6 6. e4 fxe4 7. Nxe4 O-O 8. Bd3 Nc6 9. c3 d5 10. Nxf6+ Qxf6 11.
Qe2 Bd7 12. O-O-O Be8 13. Qe3 Bh5 14. Be2 Rae8 15. Rd2 a6 16. Ne5 Bxe2 17. Nxc6 Qxf2 18.
Qxf2 Rxf2 19. Ne5 Ref8 20. Nd7 Rf1+ 21. Rxf1 Rxf1+ 22. Kc2 Bg4 23. Nc5 a5 24. Nxb7 a4 25. b3 a3 26. b4 Bf5+ 27. Kb3 Rc1 28. Nc5 g5 29. Na6 c6 30. Nb8 Kf8 31. Nxc6 Ke8 32.
Na7 Kd7 33. Nb5 Rb1+ 34. Kxa3 Kc6 35. Ka4 Kb6 36. Na3 Rc1 37. Kb3 g4 38. g3 h5 39.
Nc2 Rb1+ 40. Ka3 Kb5 41. Ne3 Be4 42. Rf2 Bf3 43. Ng2 Rc1 44. Kb2 Rh1 45. Nf4 Kc4 46.
Nxe6 Be4 47. Nf4 Rb1+ 48. Ka3 Kxc3 0-1

[Event "Late-Titled-Tuesday-Blitz-October-10-2023"]
[Site "Chess.com"]
[Date "2023.10.10"]
[Round "6"]
[White "SEBAZZANO"]
[Black "protectiago"]
[Result "1-0"]
[WhiteElo "2241"]
[BlackElo "2070"]
[TimeControl "180+1"]
[EndTime "15:03:04 PDT"]
[Termination "SEBAZZANO won on time"]

1. d4 Nf6 2. Bf4 d5 3. e3 e6 4.
Nd2 Bd6 5. Bg3 c5 6. c3 O-O 7.
Ngf3 Bxg3 8. hxg3 Nc6 9. Bd3 h6 10. Qe2 Qb6 11. O-O-O e5 12. Nxe5 Nxe5 13. dxe5 Ng4 14.
Nf3 Re8 15. Bb5 Rd8 16. e4 c4 17. Ba4 Nxf2 18. exd5 Bf5 19. d6 Bd3 20. Qd2 Ne4 21. Qf4 g5 22. Qg4 Qe3+ 23. Nd2 Nf2 24. Qd4 Nxd1 25. Rxd1 Qxg3 26. Nxc4 Bxc4 27. Qxc4 Qxe5 28.
d7 Qf4+ 29. Qxf4 gxf4 30. Rf1 a6 31. Rxf4 b5 32. Bc2 Rxd7 33. g4 Rad8 34. b4 Kg7 35. Kb2 Rd6 36. Bb3 f6 37. Re4 R8d7 38. Re8 Rd2+ 39. Ka3 R2d3 40. Kb2 Rc7 41. Rg8+ 1-0

[Event "Late-Titled-Tuesday-Blitz-October-10-2023"]
[Site "Chess.com"]
[Date "2023.10.10"]
[Round "6"]
[White "andrzej"]
[Black "Mackster23"]
[Result "0-1"]
[WhiteElo "2474"]
[BlackElo "2668"]
[TimeControl "180+1"]
[EndTime "15:03:05 PDT"]
[Termination "Mackster23 won by resignation"]

1. e4 c6 2. d4 d5 3. e5 c5 4. Nf3 Nc6 5. dxc5 Bg4 6. c3 e6 7. Be3 a6 8. Qa4 Bxf3 9. gxf3 Qd7 10. Bb5 Nge7 11. b4 Rc8 12. Bxc6 Nxc6 13. Bd4 Nxe5 14. Qxd7+ Nxd7 15. Nd2 f6 16. O-O-O e5 17. Be3 b6 18.
Nb3 bxc5 19. Rxd5 cxb4 20. Rhd1 Rxc3+ 21. Kb2 Rc7 22. f4 Be7 23. f5 g6 24. Ra5 gxf5 25.
Rxa6 Kf7 26. Na5 Rhc8 27. Rd2 f4 28. Bb6 Nxb6 29. Rxb6 Bc5 30. Rb7 Bd4+ 31. Kb3 Ke6 32. Rxc7 Rxc7 33. Nc4 Rb7 34. f3 f5 35. Rg2 Kf7 36.
Rg5 Kf6 37. Rg8 e4 38. fxe4 fxe4 39. Rf8+ Kg5 40. Nd6 Re7 41. Rg8+ Kh5 42. Nf5 Re5 43. Ng7+ Kh4 44. h3 f3 45. Ne8 Rxe8 46. Rf8 Rxf8 47. Kc4 f2 48. Kxd4 f1=Q 49. Kxe4 Qe2+ 50. Kd4 Rd8+ 0-1

[Event "Late-Titled-Tuesday-Blitz-October-10-2023"]
[Site "Chess.com"]
[Date "2023.10.10"]
[Round "6"]
[White "rasmussvane"]
[Black "DanielNaroditsky"]
[Result "0-1"]
[WhiteElo "3008"]
[BlackElo "3181"]
[TimeControl "180+1"]
[EndTime "15:03:08 PDT"]
[Termination "DanielNaroditsky won on time"]

1. d4 Nf6 2. Nf3 g6 3. g3 Bg7 4. Bg2 O-O 5. O-O d6 6. Re1 Nbd7 7. e4 e5 8. Nc3 a6 9. a4 b6 10. b3 Re8 11. dxe5 dxe5 12. Nd2 Bb7 13. Nc4 Nc5 14. Ba3 Bf8 15. Qf3 Nfxe4 16. Nxe4 Nxe4 17. Bxf8 Rxf8 18. Rad1 Nd6 19. Rxd6 Bxf3 20. Rxd8 Raxd8 21. Bxf3 f6 22. Kf1 Kf7 23. Ne3 Ke6 24. Be2 a5 25. Bc4+ Kd6 26. Nd5 Rd7 27. Rd1 Kc5 28. Rd3 e4 29. Rc3 Kd4 30. Re3 Rxd5 31. c3+ Kc5 32. Bxd5 Kxd5 33. f3 f5 34. fxe4+ fxe4+ 35. Ke2 c6 36. g4 Rf4 37. Rh3 Rxg4 38. Rxh7 Rg2+ 39. Ke3 Rb2 40. Rd7+ Ke6 41. Rg7 Rxb3 42. Rxg6+ Kd5 43. Rg5+ Kc4 44. h4 Rxc3+ 45.
Kxe4 Rh3 46. h5 b5 47. axb5 cxb5 48. Kf5 a4 49. Rg4+ Kb3 50. Kg5 a3 51. h6 a2 0-1

[Event "Late-Titled-Tuesday-Blitz-October-10-2023"]
[Site "Chess.com"]
[Date "2023.10.10"]
[Round "6"]
[White "GoldenShare"]
[Black "GothamChess"]
[Result "0-1"]
[WhiteElo "2529"]
[BlackElo "2748"]
[TimeControl "180+1"]
[EndTime "15:03:11 PDT"]
[Termination "GothamChess won by checkmate"]

1. e4 c6 2. Nc3 d5 3. Nf3 a6 4. h3 g6 5. d4 Bg7 6. Bd3 Nf6 7. e5 Nfd7 8. e6 fxe6 9. h4 c5 10. h5 c4 11. Be2 Nc6 12. Ng5 Nf8 13.
hxg6 hxg6 14. Rxh8 Bxh8 15. Be3 Qb6 16. Qd2 Bxd4 17.
O-O-O Bxe3 18. fxe3 Bd7 19. Bg4 O-O-O 20. Nf7 Re8 21.
e4 d4 22. Na4 Qb5 23. b3 e5 24. Be2 c3 25. Qe1 Qb4 26. Qg3 Qa3+ 27. Kb1 Nb4 28.
Nb6+ Kc7 29. Qxe5+ Kxb6 30. Qxd4+ Ka5 31. Qc5+ Bb5 32. Qxc3 Bxe2 33. Rd5+ Bb5 34. Qc7+ b6 35. Rxb5+ axb5 36. Qa7+ Na6 37. Ne5 Qc5 38. Nd3 Qg1+ 39. Kb2 Qd4+ 40. Kb1 b4 41. Qb7 Rd8 42. a3 Rd7 43.
Qc6 Qg1+ 44. Ka2 b5 45. Qc8 Rc7 46. axb4+ Nxb4+ 47. Nxb4 Kxb4 48. Qxc7 Qc5 49. Qe5 Qxe5 50. c3+ Kxc3 51. Kb1 b4 52. Ka2 Qd4 53. Kb1 Qd2 54. Ka1 Qb2# 0-1

[Event "Late-Titled-Tuesday-Blitz-October-10-2023"]
[Site "Chess.com"]
[Date "2023.10.10"]
[Round "6"]
[White "Aygehovit1992"]
[Black "Bauman_Guy"]
[Result "0-1"]
[WhiteElo "2686"]
[BlackElo "2859"]
[TimeControl "180+1"]
[EndTime "15:03:14 PDT"]
[Termination "Bauman_Guy won by checkmate"]

1. e4 c5 2. Nf3 d6 3. d4 Nf6 4.
Nc3 cxd4 5. Nxd4 a6 6. h3 e5 7. Nb3 h5 8. Bg5 Be6 9. Qf3 Nbd7 10. O-O-O Rc8 11. Nd5 Bxd5 12. exd5 Qc7 13. Bd3 Be7 14. Kb1 b5 15. g4 e4 16. Bxe4 Ne5 17. Qe2 Nxe4 18.
Bxe7 Nc3+ 19. bxc3 Qxe7 20. f4 Nc4 21. Qxe7+ Kxe7 22.
Nd4 Kd7 23. g5 Rhe8 24. Nf5 g6 25. Nh6 Re2 26. Rc1 b4 27. cxb4 Na3+ 28. Kb2 Nxc2 29.
Kb1 Na3+ 30. Ka1 Rb8 31. Rc3 Nc2+ 32. Kb1 Rxb4+ 33. Rb3 Rxf4 34. Rc1 Nb4 35. Nxf7 a5 36. Nh8 Rff2 37. a3 Nxd5 38. Nxg6 a4 39. Rb5 Ke6 40. Nh8 h4 41. g6 Rg2 42. Nf7 Rxg6 43. Nd8+ Kd7 44.
Rxd5 Kxd8 45. Rd4 Kd7 46. Rxa4 Rgg2 47. Rd1 Rb2+ 48. Kc1 Rgc2# 0-1

[Event "Late-Titled-Tuesday-Blitz-October-10-2023"]
[Site "Chess.com"]
[Date "2023.10.10"]
[Round "6"]
[White "GM_dmitrij"]
[Black "Thormento16"]
[Result "1-0"]
[WhiteElo "3000"]
[BlackElo "2297"]
[TimeControl "180+1"]
[EndTime "15:03:15 PDT"]
[Termination "GM_dmitrij won by checkmate"]

1. d4 Nf6 2. Bg5 Ne4 3. Bf4 d5 4. Nd2 Nxd2 5. Qxd2 e6 6. O-O-O Be7 7. Nf3 c5 8. e3 Nc6 9. Kb1 c4 10. e4 b5 11. g3 b4 12. exd5 exd5 13. Bg2 O-O 14. Rhe1 c3 15. Qe2 Bg4 16. h3 Bxf3 17. Qxf3 Bf6 18.
Qxd5 Rc8 19. Qxd8 Rfxd8 20. Bxc6 Rxc6 21. d5 Rcc8 22. b3 g5 23. Be5 Bxe5 24. Rxe5 f6 25.
Re7 Rc5 26. d6 Re5 27. Rxe5 fxe5 28. a3 a5 29. Rd5 Kf7 30. Rxe5 Rxd6 31. Rxa5 Rd1+ 32.
Ka2 Rd2 33. axb4 Rxc2+ 34. Ka3 Rc1 35. Ka2 Rc2+ 36. Kb1 Rxf2 37. Kc1 Rb2 38. Rxg5 Rxb3 39. b5 Kf6 40. Rh5 c2 41. g4 Rc3 42. Rxh7 Kg6 43. Rh5 Rc4 44. b6 Rb4 45. Kxc2 Rxb6 46. Kd3 Ra6 47. Ke4 Rf6 48. Rf5 Re6+ 49. Kf4 Re1 50. Kg3 Re3+ 51. Kh4 Re1 52. Ra5 Rb1 53. Ra6+ Kg7 54.
Kh5 Rb5+ 55. g5 Rb4 56. h4 Rb7 57. Re6 Ra7 58. Rf6 Rb7 59. Kg4 Rb4+ 60. Rf4 Rb6 61. h5 Rb7 62. h6+ Kg6 63. Rf6+ Kh7 64. Kh5 Rb1 65. g6+ Kg8 66. h7+ Kg7 67. Rf7+ Kh8 68. Rf8+ Kg7 69. h8=Q# 1-0

[Event "Late-Titled-Tuesday-Blitz-October-10-2023"]
[Site "Chess.com"]
[Date "2023.10.10"]
[Round "6"]
[White "maximnovik"]
[Black "FontVella8"]
[Result "1/2-1/2"]
[WhiteElo "2472"]
[BlackElo "2628"]
[TimeControl "180+1"]
[EndTime "15:03:15 PDT"]
[Termination "Game drawn - insufficient material"]

1. e4 c6 2. d4 d5 3. Nc3 dxe4 4.
Nxe4 Nf6 5. Nxf6+ exf6 6. c3 Bd6 7. Bd3 O-O 8. Ne2 Re8 9. O-O Nd7 10. Bf4 Nf8 11. Qd2 Ng6 12. Bxd6 Qxd6 13. Rfe1 Bd7 14. Ng3 Nf4 15. Bf1 h5 16. Rxe8+ Rxe8 17. Re1 Rxe1 18.
Qxe1 Qe6 19. Qxe6 Bxe6 20. b3 Kf8 21. Ne4 b6 22. g3 Nd5 23. c4 Nb4 24. Nc3 Ke7 25.
f4 Kd6 26. Kf2 Nc2 27. d5 cxd5 28. cxd5 Bxd5 29. Nb5+ Kc5 30. Nxa7 Be6 31. Bd3 Nb4 32. Bb1 Bd7 33. a3 Nd5 34. b4+ Kd4 35. Ba2 b5 36.
Bb3 g5 37. Bd1 g4 38. Be2 Nc3 39. Bf1 Ne4+ 40. Ke1 Nd6 41. Kd2 f5 42. Bd3 Nc4+ 43. Bxc4 Kxc4 44. Ke3 f6 45. Kd2 Kd4 46. Kc2 Ke3 47.
a4 bxa4 48. b5 Bxb5 49. Nxb5 Kf2 50. Nd4 Kg2 51. Nxf5 Kxh2 52. Kb2 Kh3 53. Ka3 h4 54. gxh4 g3 55. Nxg3 Kxh4 56. Ne2 Kg4 57. Kxa4 Kf3 58. Nd4+ Kxf4 59. Kb4 Ke4 60. Kc5 f5 61. Nxf5 1/2-1/2

[Event "Late-Titled-Tuesday-Blitz-October-10-2023"]
[Site "Chess.com"]
[Date "2023.10.10"]
[Round "6"]
[White "SpeedofLight0"]
[Black "Ali_rastbod"]
[Result "1-0"]
[WhiteElo "3013"]
[BlackElo "2745"]
[TimeControl "180+1"]
[EndTime "15:03:16 PDT"]
[Termination "SpeedofLight0 won on time"]

1. Nf3 c5 2. b3 d5 3. e3 Nc6 4. Bb5 Bd7 5. Bb2 Nf6 6. O-O a6 7. Bxc6 Bxc6 8. d3 e6 9. Nbd2 Qc7 10. Ne5 Bd6 11. f4 O-O-O 12. a3 Rhg8 13. h4 Rdf8 14. b4 cxb4 15. axb4 Bxb4 16. Bd4 Nd7 17. Ndf3 f6 18. Nxd7 Qxd7 19. Qb1 Bd6 20. Qb6 Qc7 21.
Qb2 Re8 22. Rfb1 e5 23. fxe5 fxe5 24. Bb6 Qd7 25. Qc3 Rgf8 26. Rf1 Kb8 27. Qb2 Kc8 28. Ba7 h6 29. Qc3 Rf7 30. Ra5 Bc7 31. Raa1 d4 32.
exd4 Bxf3 33. Rxf3 Rxf3 34. gxf3 Qh3 35. Qd2 Qxh4 36.
d5 e4 37. dxe4 Re5 38. Be3 Rh5 39. Qg2 Bf4 40. Bf2 Bh2+ 41. Kf1 Qf4 42. Ke2 Rg5 43. Qh3+ Kb8 44. Qe6 Rg2 45. Qe8+ Kc7 46. Qe7+ Kc8 47. Qc5+ Kb8 48. Qa7+ Kc8 49. Ra3 Bg3 50. Rc3+ Kd8 51. Qa8+ Ke7 52. Qxb7+ Kf6 53. Rc6+ Kg5 54. Qxg7+ Kh4 55.
Rxh6+ 1-0

[Event "Late-Titled-Tuesday-Blitz-October-10-2023"]
[Site "Chess.com"]
[Date "2023.10.10"]
[Round "6"]
[White "Alexander_Donchenko"]
[Black "FrankDux44"]
[Result "1/2-1/2"]
[WhiteElo "2872"]
[BlackElo "2666"]
[TimeControl "180+1"]
[EndTime "15:03:17 PDT"]
[Termination "Game drawn by repetition"]

1. Nf3 c5 2. c4 g6 3. d4 cxd4 4. Nxd4 Bg7 5. e4 Nc6 6. Be3 Nf6 7. Nc3 d6 8. Be2 O-O 9. O-O Nxd4 10. Bxd4 Be6 11. Rc1 a5 12. Qd2 a4 13. Rfd1 Qa5 14. Bxf6 Bxf6 15. Nd5 Bxd5 16. cxd5 Qxd2 17. Rxd2 Bg5 18.
Rcd1 Bxd2 19. Rxd2 Rfc8 20. g3 Rc1+ 21. Kg2 Rac8 22.
Bd1 b5 23. a3 Kg7 24. Kf3 h5 25. h4 Kf6 26. Ke3 R1c5 27. Rd4 e6 28. dxe6 Kxe6 29.
Be2 d5 30. Rb4 dxe4 31. Bxb5 f5 32. Bxa4 Rc1 33. Rb6+ Ke5 34. Rxg6 Re1+ 35. Kd2 Rb1 36. Rb6 Rd8+ 37. Ke2 Rd6 38. Rb5+ Rd5 39. Rb8 Rd4 40.
Bc2 Rc1 41. Rc8 Rd6 42. Rc5+ Kd4 43. b4 Ra1 44. a4 Rb6 45. Rxf5 Rxb4 46. Rb5 Rxb5 47.
axb5 Ra2 48. Kd2 Rb2 49. b6 Rxb6 50. Bd1 Rf6 51. Ke1 Rf5 52. Ke2 Ra5 53. Bb3 Rb5 54. Bf7 Rc5 55. Bg6 Rc2+ 56. Kf1 Rc5 57. Ke2 Rb5 58. Bf7 Rf5 59. Bg6 Ra5 60. Bf7 Ke5 61.
Bxh5 Ra2+ 62. Kf1 Kf5 63. Be2 Ra1+ 64. Kg2 Ra2 65. Kf1 Ra1+ 66. Kg2 Ra2 67. Bc4 Rc2 68. Bb5 Rb2 69. Bd7+ Ke5 70. Kf1 Rb1+ 71. Ke2 Rb2+ 72. Ke3 Rb3+ 73. Ke2 Rb2+ 74. Kf1 Rb1+ 75. Kg2 Rb2 76.
Kf1 1/2-1/2

[Event "Late-Titled-Tuesday-Blitz-October-10-2023"]
[Site "Chess.com"]
[Date "2023.10.10"]
[Round "6"]
[White "Pomberito2"]
[Black "DonJuanEGenaro"]
[Result "0-1"]
[WhiteElo "2468"]
[BlackElo "1926"]
[TimeControl "180+1"]
[EndTime "15:03:18 PDT"]
[Termination "DonJuanEGenaro won by resignation"]

1. e4 c5 2. Nf3 Nc6 3. d4 cxd4 4.
Nxd4 Nf6 5. Nc3 d6 6. Bc4 e6 7.
Bb3 a6 8. Be3 Qc7 9. Qe2 Na5 10.
O-O-O b5 11. g4 b4 12. Nd5 Nxb3+ 13. axb3 exd5 14. exd5 Be7 15. Nc6 Bxg4 16. f3 Bf5 17. Bg5 Kf8 18. Rhe1 Re8 19. Bxf6 gxf6 20. Qd2 h6 21.
Qf4 Bg6 22. h4 h5 23. Rd2 Bd8 24. Rxe8+ Kxe8 25. Qxb4 Kf8 26. Rg2 Kg7 27. f4 Qd7 28.
Nd4 Qh3 29. Qd2 f5 30. Kb1 Bf6 31. Nc6 Re8 32. Ka2 Qe3 33. Qb4 Qc5 34. Qxc5 dxc5 35.
d6 Rc8 36. Ne5 Rd8 37. Rd2 Bxh4 38. Nc6 Rd7 39. Nb8 Rb7 40. Nxa6 Ra7 41. Kb1 Rxa6 42. d7 Bd8 43. c3 h4 44. b4 cxb4 45. c4 Rc6 46. b3 Ra6 47. Kb2 Bf6+ 48. Kb1 Ra1+ 49. Kc2 Ra2+ 50. Kd3 Rxd2+ 51. Kxd2 h3 52. c5 h2 53. d8=Q Bxd8 0-1